 Dungeon Crawl Stone Soup version 0.20.1-1-g8b1a95d (webtiles) character file.

98 digijack the Gusty (level 4, -1/24 HPs)
             Began as a Tengu Air Elementalist on Oct 7, 2017.
             Slain by a gnoll
             ... wielding a +0 spear
              (7 damage)
             ... on level 2 of the Dungeon.
             The game lasted 00:24:07 (2304 turns).

digijack the Gusty (Tengu Air Elementalist)         Turns: 2304, Time: 00:24:08

Health: -1/24      AC:  4    Str:  8    XL:     4   Next: 71%
Magic:  1/9        EV: 13    Int: 16    God:
Gold:   30         SH:  0    Dex: 15    Spells: 5/8 levels left

rFire    . . .     SeeInvis .   f - -3 hunting sling (curse)
rCold    . . .     Gourm    .   (no shield)
rNeg     . . .     Faith    .   a - +1 robe
rPois    .         Spirit   .   (helmet restricted)
rElec    .         Reflect  .   (no cloak)
rCorr    .         Harm     .   (no gloves)
MR       .....                  (boots unavailable)
Stlth    ++........             (no amulet)
Regen    0.1/turn               (no ring)
MPRegen  0.2/turn               (no ring)

@: no status effects
A: beak, claws 1, talons 3, shaggy fur 1, evolution 1
a: no special abilities


You were on level 2 of the Dungeon.
You were hungry.

You visited 1 branch of the dungeon, and saw 2 of its levels.

You collected 30 gold pieces.

Inventory:

Hand Weapons
 d - a +0 hunting sling
 f - a cursed -3 hunting sling (weapon)
Missiles
 e - 5 needles of paralysis
 g - 52 sling bullets (quivered)
 h - 103 stones
 j - 4 curare-tipped needles
Armour
 a - a +1 robe (worn)
Books
 b - a book of Air

   Spells                             Type                      Level
   a - Shock                          Conjuration/Air              1
   b - Swiftness                      Charms/Air                   2
   c - Static Discharge               Conjuration/Air              3
   d - Airstrike                      Air                          4
   e - Lightning Bolt                 Conjuration/Air              5
Comestibles
 c - a bread ration
 i - 2 fruits
 k - 2 royal jellies
 l - 2 chunks of flesh
 m - a meat ration


   Skills:
 + Level 0.4 Slings
 + Level 2.5 Dodging
 + Level 2.4 Stealth
 * Level 1.2 Unarmed Combat
 + Level 2.6 Spellcasting
 * Level 2.5 Conjurations
 + Level 0.1 Charms
 + Level 5.0 Air Magic


You had 5 spell levels left.
You knew the following spells:

 Your Spells              Type           Power        Failure   Level  Hunger
a - Shock                 Conj/Air       ##..         4%          1    #......
b - Swiftness             Chrm/Air       ##......     10%         2    ##.....


Dungeon Overview and Level Annotations

Branches:
Dungeon (2/15)

Altars:
Trog
Uskayaw


Innate Abilities, Weirdness & Mutations

You have a beak for a mouth.
You have claws for feet.
You have sharp fingernails.
You are covered in fur. (AC +1)
You evolve.


Message History

Firing (i - inventory. (,) - cycle):
g - 55 sling bullets (quivered)
Press: ? - help, Shift-Dir - straight line, f/p - gnoll
Aim: a gnoll, wielding a spear (almost dead)
You shoot a sling bullet. The sling bullet hits the gnoll.
You kill the gnoll!
The gnoll hits you but does no damage.
Firing (i - inventory. (,) - cycle):
g - 54 sling bullets (quivered)
Press: ? - help, Shift-Dir - straight line, f - gnoll
Aim: a gnoll, wielding a spear You shoot a sling bullet.
The sling bullet hits the gnoll.
The gnoll is moderately wounded.
The gnoll closely misses you.
Firing (i - inventory. (,) - cycle):
g - 53 sling bullets (quivered)
Press: ? - help, Shift-Dir - straight line, f/p - gnoll
Aim: a gnoll, wielding a spear (moderately wounded)
You shoot a sling bullet.
The sling bullet hits the gnoll but does no damage.
The gnoll is moderately wounded.
The gnoll hits you from afar with a spear!
You die...

##### ....### ......# .####.#
...##.# #########
....#.#####.......> ..####
....#.......######### .....#
_...............@(g(# .....#
....#.#############)..†.......#
....#.# ######...... ...##.#
#############.....#
.####.#######............##.#
.. ..##........)#######.##.# ##
##)..8.8.8...# #.##.#
######>........### #.##.# ..
............# ####.##.####.


You could see a gnoll.

Vanquished Creatures
  4 adders (D:2)
  2 gnolls (D:2)
  2 worms (D:2)
  A dart slug (D:1)
  3 giant cockroaches
  6 goblins
  3 hobgoblins (D:2)
  7 kobolds
  2 ball pythons (D:1)
  3 bats (D:1)
  A frilled lizard (D:1)
  5 rats
39 creatures vanquished.

Notes
Turn   | Place    | Note
-------+----------+-------------------------------------------
     0 | D:1      | digijack the Tengu Air Elementalist began the quest for the Orb.
     0 | D:1      | Reached XP level 1. HP: 10/10 MP: 4/4
   299 | D:1      | Reached XP level 2. HP: 15/15 MP: 1/6
   452 | D:1      | Learned a level 2 spell: Swiftness
   490 | D:1      | Gained mutation: You evolve. [potion of mutation]
   490 | D:1      | Gained mutation: You have sharp fingernails. [potion of mutation]
   490 | D:1      | Gained mutation: You are covered in fur. (AC +1) [potion of mutation]
   876 | D:2      | Found a hide-covered altar of Uskayaw.
   894 | D:2      | Reached XP level 3. HP: 3/19 MP: 4/7
  1342 | D:2      | Reached XP level 4. HP: 12/24 MP: 6/8
  2260 | D:2      | Found a bloodstained altar of Trog.
  2287 | D:2      | Reached skill level 1 in Unarmed Combat
  2287 | D:2      | Reached skill level 5 in Air Magic
  2304 | D:2      | Slain by a gnoll

Skill      XL: |  1  2  3  4 |
---------------+-------------+-----
Conjurations   | 2 |  2.5
Unarmed Combat | 1 |  1.2
Air Magic      | 5 |  5.0
Slings         | |  0.4
Dodging        | |  2.5
Stealth        | |  2.4
Spellcasting   | |  2.6
Charms         | |  0.1

Action                   |  1- 3 |  4- 6 || total
-------------------------+-------+-------++-------
Melee: Unarmed           |    33 |     1 ||    34
       Kick              |     5 |       ||     5
       Peck              |     5 |       ||     5
 Fire: Hunting sling     |       |    20 ||    20
 Cast: Shock             |    42 |    41 ||    83
       Swiftness         |     1 |     4 ||     5
  Use: Potion            |     4 |       ||     4
       Scroll            |     3 |       ||     3
  Eat: Chunk             |     2 |     3 ||     5
Armor: Robe              |    15 |     1 ||    16
Dodge: Dodged            |    22 |     9 ||    31
